 Dungeon Crawl Stone Soup version 0.16.2-12-gd0ad4c3 (webtiles) character file.

7790 faibistes the Thaumaturge (level 11, 0/63 HPs)
             Began as a Deep Elf Wizard on Feb 5, 2019.
             Was an Elder of Sif Muna.
             Killed from afar by an efreet (22 damage)
             ... with a fireball
             ... on level 10 of the Dungeon.
             The game lasted 00:42:26 (16503 turns).

faibistes the Thaumaturge (Deep Elf Wizard)        Turns: 16503, Time: 00:42:26

Health: 0/63       AC: 10    Str:  4    XL:     11   Next: 1%
Magic:  42/42      EV: 17    Int: 33    God:    Sif Muna [****..]
Gold:   40         SH:  0    Dex: 15    Spells: 6 memorised, 20 levels left

rFire  . . .     SeeInvis .     T - +9 war axe "Woezoll" {pain, Contam rPois rN+ Int+6 Dex+2} (curse)
rCold  . . .     Clarity  .     I - +0 robe
rNeg   + . .     SustAb   .     (no shield)
rPois  +         Gourm    +     v - +1 helmet
rElec  .         Spirit   .     C - +1 cloak
rCorr  .         Warding  .     S - +0 pair of gloves
rMut   .         Stasis   .     (no boots)
MR     +....                    p - amulet of the gourmand
Stlth  ++........               w - +3 ring of protection
                                e - ring of magical power

@: repel missiles, somewhat resistant to hostile enchantments, unstealthy
A: no striking features
a: Channel Energy, Forget Spell, Renounce Religion


You were on level 10 of the Dungeon.
You worshipped Sif Muna.
Sif Muna was greatly pleased with you.
You were very full.

You visited 2 branches of the dungeon, and saw 12 of its levels.
You also visited: Ossuary.

You collected 442 gold pieces.
You spent 402 gold pieces at shops.

Inventory:

Hand weapons
 u - a +5 dagger of freezing
 T - the cursed +9 war axe "Woezoll" (weapon) {pain, Contam rPois rN+ Int+6 Dex+2}
   (You found it on level 8 of the Dungeon)

   In the hands of one skilled in necromantic magic, it inflicts extra damage on
   living creatures.
   It affects your intelligence (+6).
   It affects your dexterity (+2).
   It protects you from poison.
   It protects you from negative energy.
   It causes magical contamination when unequipped.
   It has a curse placed upon it.
Armour
 v - a +1 helmet (worn)
 C - a +1 cloak (worn)
 I - a +0 robe (worn)
 S - a +0 pair of gloves (worn)
Jewellery
 e - a ring of magical power (left hand)
 p - an amulet of the gourmand (around neck)
 w - a +3 ring of protection (right hand)
 J - an uncursed amulet of warding
 P - an uncursed ring of stealth
Magical devices
 b - a wand of lightning (5)
 g - a wand of cold (0)
 E - a wand of magic darts (29)
Scrolls
 i - 2 scrolls of fog
 j - 3 scrolls of magic mapping
 n - 2 scrolls of immolation
 r - 2 scrolls of remove curse
 x - a scroll of amnesia
 y - 2 scrolls of blinking
 z - a scroll of fear
 N - a scroll of teleportation
 O - 2 scrolls of enchant armour
Potions
 f - a potion of haste
 h - a potion of ambrosia {unknown}
 l - a potion of restore abilities
 m - 4 potions of heal wounds
 q - 2 potions of agility
 s - a potion of lignification {unknown}
 t - a potion of beneficial mutation {unknown}
 A - 3 potions of might
 D - 2 potions of brilliance
 H - 2 potions of cancellation {unknown}
 K - a potion of invisibility
 M - 2 potions of curing
Books
 c - a book of Minor Magic

   Spells                             Type                      Level
   a - Magic Dart                     Conjuration                  1
   b - Blink                          Translocation                2
   c - Call Imp                       Summoning                    2
   d - Repel Missiles                 Charms/Air                   2
   e - Slow                           Hexes                        2
   f - Conjure Flame                  Conjuration/Fire             3
   g - Mephitic Cloud                 Conjuration/Poison/Air       3
Comestibles
 d - 9 bread rations
 k - 4 meat rations
 o - 7 fruits
 G - 9 beef jerkies
 L - a slice of pizza


   Skills:
 + Level 5.1 Fighting
 + Level 7.8 Dodging
 - Level 2.4 Stealth
 * Level 11.8 Spellcasting
 + Level 6.7 Conjurations
 + Level 4.4 Charms
 - Level 1.1 Summonings
 + Level 4.2 Translocations
 * Level 5.8 Fire Magic
 - Level 3.1 Air Magic
 - Level 2.8 Poison Magic
 * Level 4.4 Invocations
 + Level 2.6 Evocations


You had 20 spell levels left.
You knew the following spells:

 Your Spells              Type           Power        Failure   Level  Hunger
a - Magic Dart            Conj           ####         1%          1    None
b - Conjure Flame         Conj/Fire      ######..     1%          3    None
c - Call Imp              Summ           ####....     1%          2    None
d - Blink                 Tloc           N/A          1%          2    None
e - Mephitic Cloud        Conj/Pois/Air  #####...     1%          3    None
f - Repel Missiles        Chrm/Air       #####.       1%          2    None


Dungeon Overview and Level Annotations

Branches:
Dungeon (11/15)            Temple (1/1) D:7            Lair (0/8) D:10
    Orc: D:9-12

Altars:
Ashenzari
Cheibriados
Dithmenos
Elyvilon
Fedhas
Gozag
Kikubaaqudgha
Makhleb
Nemelex Xobeh
Okawaru
Qazlal
Ru
Sif Muna
Trog
Vehumet
Xom
Yredelemnul
Zin
The Shining One

Shops:
D:6 !   D:7 *   D:8 *

Annotations:
D:11 faibistes' ghost, powerful DEWz


Message History

The efreet is severely wounded.
The efreet gestures at you. The bolt of fire misses you.
You hit the efreet.
The efreet is severely wounded.
The efreet gestures at you. The bolt of fire hits you!
The efreet hits you with a scimitar of flaming!
The efreet burns you!
You completely miss the efreet.
The efreet is severely wounded.
The efreet completely misses you.
Evoke which item? (* to show all) (? for menu, Esc to quit)
Zapping:
g - a wand of cold {zapped: 6} (will waste charges)
Press: ? - help, Shift-Dir - straight line, f/p - efreet
Aim: an efreet, wielding a scimitar of flaming (severely wounded) Nothing appears to happen.
The efreet gestures at you.
The fireball explodes!
The fireball engulfs you!
You die...

... .. ##'###'##..
#.......'... #...#
##'###..#..
#.......'..
#'#####.#..
#R#####.#...
#@.'....'....
#.##'####....
#.#.........#
#.#.........#...
#.#.........#...
#.'.........'...
##'#..)......##.#
#....#'####...#.###
#....'....'...#.#..


You could see an efreet.

Vanquished Creatures
  2 hill giants
  Joseph (D:7)
  The ghost of faibistes the Thaumaturge, an experienced DEWz (D:4)
  A two-headed ogre (D:10)
  A deep elf mage (D:9)
  Eustachio (D:8)
  A wyvern (D:9)
  A hippogriff (D:5)
  A water moccasin (D:9)
  2 porcupines (D:10)
  4 ice beasts
  3 phantoms
  6 ogres
  A sky beast (D:6)
  A black bear (D:5)
  4 orc warriors
  4 centaurs
  Blork the orc (D:8)
  2 elf zombies (Ossuary)
  6 giant frogs
  A gnoll sergeant (D:9)
  2 scorpions
  5 wights (D:10)
  Dowan (D:6)
  4 crimson imps
  3 jellies
  A human zombie (Ossuary)
  A centaur skeleton (D:7)
  An electric eel (D:8)
  A centaur zombie (Ossuary)
  6 hounds
  6 orc priests
  3 giant frog skeletons
  4 iguanas
  12 orc wizards
  A hell rat (D:10)
  9 worker ants
  A big kobold zombie (Ossuary)
  5 hound zombies
  Terence (D:2)
  6 hound skeletons
  5 mummies
  A worker ant zombie (D:9)
  8 adders
  12 gnolls
  5 river rats
  2 worms
  7 adder zombies
  9 giant geckos
  39 orcs
  A bat zombie (D:5)
  9 giant cockroaches
  19 goblins
  22 hobgoblins
  4 jackals (D:3)
  16 kobolds
  7 quokkas
  13 bats
  A giant gecko skeleton (D:5)
  8 giant newts
  2 gnoll zombies (Ossuary)
  2 goblin zombies (Ossuary)
  4 hobgoblin zombies (Ossuary)
  A jackal skeleton (D:4)
  A jackal zombie (Ossuary)
  7 kobold zombies
  2 orc zombies
  A quokka skeleton (D:4)
  2 quokka zombies (Ossuary)
  18 rats
  5 rat zombies (Ossuary)
  A spectral orc (D:2)
  5 ballistomycetes (D:9)
357 creatures vanquished.

Vanquished Creatures (collateral kills)
  A water moccasin (D:7)
  Robin (D:1)
  A hobgoblin (D:4)
  3 jackals (D:4)
  2 bats
8 creatures vanquished.

Vanquished Creatures (others)
  Duvessa (D:6)
  An ogre (D:7)
  4 white imps
  2 giant spores (D:9)
8 creatures vanquished.

Grand Total: 373 creatures vanquished

Notes
Turn   | Place    | Note
--------------------------------------------------------------
     0 | D:1      | faibistes, the Deep Elf Wizard, began the quest for the Orb.
     0 | D:1      | Reached XP level 1. HP: 10/10 MP: 6/6
   328 | D:1      | Reached XP level 2. HP: 15/15 MP: 0/10
   410 | D:1      | Learned a level 2 spell: Blink
   413 | D:1      | Learned a level 2 spell: Call Imp
  1069 | D:1      | Reached skill level 5 in Spellcasting
  1204 | D:2      | Reached XP level 3. HP: 5/19 MP: 6/14
  1212 | D:2      | Learned a level 3 spell: Conjure Flame
  1216 | D:2      | Learned a level 3 spell: Mephitic Cloud
  2137 | D:2      | Reached XP level 4. HP: 24/24 MP: 12/17
  2209 | D:2      | Learned a level 2 spell: Repel Missiles
  2225 | D:2      | Found a burning altar of Makhleb.
  2225 | D:2      | Noticed a hound
  2233 | D:2      | Killed a hound
  2445 | D:2      | Noticed Terence
  2456 | D:2      | Killed Terence
  2591 | D:2      | Reached skill level 6 in Spellcasting
  2640 | D:2      | Noticed Robin
  2681 | D:1      | Killed Robin
  2681 | D:1      | Reached XP level 5. HP: 23/28 MP: 2/20
  3316 | D:2      | Found a basalt altar of Yredelemnul.
  3573 | D:3      | Found a sacrificial altar of Ru.
  3768 | D:3      | Noticed an ice beast
  3779 | D:3      | Killed an ice beast
  3779 | D:3      | Reached skill level 7 in Spellcasting
  3779 | D:3      | Reached XP level 6. HP: 32/32 MP: 9/23
  4226 | D:4      | Noticed faibistes' ghost (experienced DEWz)
  4407 | D:5      | Entered Level 5 of the Dungeon
  4431 | D:4      | Reached skill level 1 in Fighting
  4837 | D:4      | Reached XP level 7. HP: 16/38 MP: 14/25
  5238 | D:4      | Reached skill level 5 in Dodging
  5270 | D:4      | Killed faibistes' ghost
  5270 | D:4      | Reached skill level 8 in Spellcasting
  5436 | D:4      | Reached XP level 8. HP: 14/46 MP: 14/28
  5661 | D:5      | Reached skill level 9 in Spellcasting
  5984 | D:6      | Found a sparkling altar of Nemelex Xobeh.
  5985 | D:6      | Found a shattered altar of Ashenzari.
  6111 | D:7      | Found a staircase to the Ecumenical Temple.
  6119 | Temple   | Entered the Ecumenical Temple
  6123 | Temple   | Became a worshipper of Sif Muna the Loreminder
  6215 | D:7      | Found Zin's Purification Station.
  6221 | D:7      | Found a sand-covered staircase.
  6295 | Ossuary  | Entered an ossuary
  6788 | Ossuary  | Reached skill level 1 in Poison Magic
  6858 | Ossuary  | Reached skill level 10 in Spellcasting
  6858 | Ossuary  | Reached skill level 1 in Fire Magic
  6858 | Ossuary  | Reached skill level 1 in Air Magic
  7124 | Ossuary  | Acquired Sif Muna's first power
  7809 | D:7      | Found a glowing silver altar of Zin.
  8000 | D:7      | Reached XP level 9. HP: 52/52 MP: 25/30
  9004 | D:5      | Found a shattered altar of Ashenzari.
  9083 | D:5      | Reached skill level 5 in Conjurations
  9766 | D:6      | Acquired Sif Muna's second power
 10653 | D:6      | Noticed Dowan
 10654 | D:6      | Noticed Duvessa
 10716 | D:6      | Killed Duvessa
 10721 | D:6      | Killed Dowan
 10832 | D:6      | Found Gosmuk's Distillery.
 10841 | D:6      | Bought a potion of invisibility for 96 gold pieces
 10841 | D:6      | Bought a potion of poison for 12 gold pieces
 10841 | D:6      | Bought a potion of curing for 36 gold pieces
 10971 | D:6      | Found a radiant altar of Vehumet.
 11259 | D:7      | Reached skill level 1 in Charms
 11259 | D:7      | Reached skill level 1 in Invocations
 11736 | D:7      | Found a shadowy altar of Dithmenos.
 11828 | D:7      | Noticed Joseph
 11849 | D:7      | Killed Joseph
 12193 | D:9      | Reached XP level 10. HP: 58/58 MP: 32/32
 12300 | D:8      | Noticed Blork the orc
 12316 | D:8      | Killed Blork the orc
 12316 | D:8      | Reached skill level 11 in Spellcasting
 12600 | D:8      | Noticed Eustachio
 12671 | D:8      | Killed Eustachio
 12957 | D:8      | Found Reoreed's Assorted Antiques.
 13550 | D:8      | Bought an encrusted brass wand for 80 gold pieces
 13550 | D:8      | Bought a steel ring for 100 gold pieces
 13550 | D:8      | Bought a scroll labeled SUEGUS CHOQIL for 20 gold pieces
 13550 | D:8      | Bought a scroll labeled ZAINTE CYGRAR for 20 gold pieces
 13550 | D:8      | Bought a scroll labeled LOHAPROTER for 20 gold pieces
 13550 | D:8      | Bought a yellow potion for 18 gold pieces
 13601 | D:8      | Got a jewelled war axe
 13602 | D:8      | Identified the +9 war axe "Woezoll" {pain, Contam rPois rN+ Int+6 Dex+2} (You found it on level 8 of the Dungeon)
 13697 | D:9      | Noticed a hill giant
 13705 | D:9      | Killed a hill giant
 13850 | D:9      | Reached skill level 5 in Fire Magic
 14258 | D:9      | Reached skill level 1 in Evocations
 14334 | D:10     | Entered Level 10 of the Dungeon
 14334 | D:10     | Found a staircase to the Lair.
 15013 | D:9      | Reached skill level 5 in Fighting
 15474 | D:11     | Noticed faibistes' ghost (powerful DEWz)
 15895 | D:10     | Acquired Sif Muna's third power
 16175 | D:10     | Noticed a hill giant
 16185 | D:10     | Killed a hill giant
 16312 | D:10     | Reached XP level 11. HP: 63/63 MP: 23/33
 16503 | D:10     | Killed from afar by an efreet

Action                   |  1- 3 |  4- 6 |  7- 9 | 10-12 || total
-------------------------+-------+-------+-------+-------++-------
Melee: Dagger            |     8 |    14 |    72 |    35 ||   129
       Unarmed           |     2 |       |       |       ||     2
       War axe           |       |       |       |    49 ||    49
 Cast: Magic Dart        |   100 |   159 |   485 |   366 ||  1110
       Mephitic Cloud    |       |     7 |    26 |    23 ||    56
       Call Imp          |       |     5 |     3 |     6 ||    14
       Blink             |       |     4 |     8 |     5 ||    17
       Repel Missiles    |       |     1 |     3 |       ||     4
       Conjure Flame     |       |     3 |    42 |    28 ||    73
Evoke: Wand              |       |       |       |     4 ||     4
  Use: Potion            |       |     2 |       |       ||     2
       Scroll            |       |     1 |    12 |     9 ||    22
 Stab: Confused          |       |     2 |     4 |     3 ||     9
       Sleeping          |       |       |     1 |       ||     1
  Eat: Chunk             |     3 |    17 |    18 |    17 ||    55
       Beef jerky        |     1 |       |       |       ||     1
